 Dungeon Crawl Stone Soup version 0.31.0-12-g77e489cdc1 (webtiles) character file.

Game seed: 7133790841463936949

138624 spaghetti the Fencer (level 16, 0/132 HPs)
             Began as a Demonspawn Hunter on Feb 17, 2024.
             Was a High Priest of Okawaru.
             Succumbed to a +0 battleaxe of venom's poison
             ... on level 1 of the Elven Halls on Feb 18, 2024.
             The game lasted 00:40:37 (22240 turns).

spaghetti the Fencer (Demonspawn Hunter)           Turns: 22240, Time: 00:40:38

Health: 0/132      AC: 13    Str: 19    XL:     16   Next: 71%
Magic:  24/24      EV: 29    Int: 15    God:    Okawaru [*****.]
Gold:   951        SH:  0    Dex: 29    Spells: 15/15 levels left

rFire   . . .        a - +5 triple sword of Insufficient Pleasure {flame, rC+}
rCold   + . .        (shield currently unavailable)
rNeg    . . .        w - +0 acid dragon scales
rPois   .            (helmet unavailable)
rElec   .            t - +1 cloak
rCorr   +            (no gloves)
SInv    .            m - +0 pair of boots
Will    +....        g - amulet of regeneration
Stlth   +            G - +6 ring of dexterity
HPRegen 1.22/turn    k - ring "Daditokh" {AC+4 Str+6 Dex+3}
MPRegen 0.19/turn

%: no passive effects
@: confused, agile, lethally poisoned (0 -> -31), ambrosia-drunk, studying Long
Blades
A: horns 3, powered by pain 3, spiny 3, big brain 2, clumsy 1, subdued magic 1
a: Renounce Religion, Heroism, Finesse, Duel


You were on level 1 of the Elven Halls.
You worshipped Okawaru.
Okawaru was extremely pleased with you.
You visited 5 branches of the dungeon, and saw 24 of its levels.
You visited the Abyss 1 time.

You collected 2599 gold pieces.
You spent 1648 gold pieces at shops.

Inventory:

Hand Weapons
 a - the +5 triple sword of Insufficient Pleasure (weapon) {flame, rC+}
   (Okawaru gifted it to you on level 11 of the Dungeon)

   rC+:       It protects you from cold.
 b - a +3 heavy longbow
 Y - the +5 orcbow of Ijouffol {drain, +Blink Str+3}
   (You bought it in a shop on level 2 of the Orcish Mines)

   Str+3:     It affects your strength (+3).
   +Blink:    It lets you blink.
Missiles
 D - 2 atropa-tipped darts
 E - 2 throwing nets
Armour
 m - a +0 pair of boots (worn)
 t - a +1 cloak (worn)
 w - +0 acid dragon scales (worn)
 A - a +0 cloak
Jewellery
 c - a ring of the Octopus King {rF+ HP+2 AC+2 EV+2 SH+2}
   (You found it on level 12 of the Dungeon)

   [ring of protection from fire]

   AC+2:      It affects your AC (+2).
   EV+2:      It affects your evasion (+2).
   rF+:       It protects you from fire.
   HP+2:      It affects your health (+2).
   SH+2:      It affects your SH (+2).
 g - an amulet of regeneration (around neck)
 h - an amulet of magic regeneration
 i - a +4 ring of slaying
 k - the ring "Daditokh" (right hand) {AC+4 Str+6 Dex+3}
   (You acquired it on level 2 of the Dungeon)

   [ring of protection]

   AC+4:      It affects your AC (+4).
   Str+6:     It affects your strength (+6).
   Dex+3:     It affects your dexterity (+3).
 o - a +4 ring of slaying
 s - a ring of protection from fire
 F - a +4 ring of protection
 G - a +6 ring of dexterity (left hand)
 N - a ring of wizardry
 P - an amulet of guardian spirit
 T - a ring of see invisible
 U - a ring of resist corrosion
Wands
 d - a wand of iceblast (31)
 v - a wand of digging (6)
 x - a wand of flame (14)
 y - a wand of quicksilver (15)
 B - a wand of polymorph (6)
Scrolls
 e - 7 scrolls of identify
 j - 2 scrolls of enchant armour
 l - 5 scrolls of noise
 p - 4 scrolls of fog
 q - 2 scrolls of vulnerability
 u - 2 scrolls of silence
 C - 6 scrolls of teleportation
 J - a scroll of amnesia
 K - 2 scrolls of revelation
 L - a scroll of butterflies
 O - 2 scrolls of fear
 R - a scroll of poison
Potions
 f - a potion of ambrosia
 n - 3 potions of lignification
 r - 3 potions of magic
 z - 3 potions of brilliance
 I - 7 potions of enlightenment
 M - a potion of haste
 Q - 3 potions of degeneration
 S - a potion of berserk rage
 W - a potion of attraction
Miscellaneous
 V - a lightning rod (1/4)


   Skills:
 - Level 13.9 Fighting
 + Level 20.1 Long Blades
 - Level 8.5 Ranged Weapons
 - Level 12.0 Dodging
 - Level 5.5 Stealth
 - Level 11.3 Invocations


You had 15 spell levels left.
You didn't know any spells.
Your spell library contained the following spells:

 Spells                   Type           Power      Damage    Failure   Level
 Kiss of Death            Conj/Necr      0%         2d5       30%         1
 Sting                    Conj/Alch      0%         1d3       30%         1
 Ensorcelled Hibernation  Hex/Ice        0%         N/A       43%         2
 Lesser Beckoning         Tloc           0%         N/A       43%         2
 Mercury Vapours          Alch/Air       0%         N/A       43%         2
 Static Discharge         Conj/Air       0%         3-3/arc   43%         2
 Confusing Touch          Hex            0%         N/A       67%         3
 Gell's Gravitas          Tloc           0%         N/A       67%         3
 Hailstorm                Conj/Ice       0%         3d5       67%         3
 Inner Flame              Hex/Fire       0%         N/A       67%         3
 Mephitic Cloud           Conj/Alch/Air  0%         N/A       67%         3
 Passwall                 Erth           0%         N/A       67%         3
 Swiftness                Air            0%         N/A       67%         3
 Teleport Other           Tloc           0%         N/A       67%         3
 Airstrike                Air            0%         2d(0-16)  97%         4
 Dispel Undead            Necr           0%         3d6       97%         4
 Flame Wave               Conj/Fire      0%         2d4       97%         4
 Olgreb's Toxic Radiance  Alch           0%         N/A       97%         4
 Sticky Flame             Fire/Alch      0%         2d4       97%         4
 Alistair's Intoxication  Alch           0%         N/A       100%        5
 Borgnjor's Vile Clutch   Necr/Erth      0%         N/A       100%        5
 Freezing Cloud           Conj/Ice/Air   0%         6-21      100%        5
 Eringya's Noxious Bog    Alch           0%         4d6       100%        6
 Summon Ice Beast         Ice/Summ       Unusable   N/A       N/A         3
 Summon Lightning Spire   Summ/Air       Unusable   N/A       N/A         4
 Sculpt Simulacrum        Ice/Alch       Unusable   N/A       N/A         6

Dungeon Overview and Level Annotations

Branches:
Dungeon (15/15)            Temple (1/1) D:6            Lair (5/5) D:9
 Shoals (0/4) Lair:3        Snake (0/4) Lair:2          Orc (2/2) D:9
    Elf (1/3) Orc:2        Vaults (0/5) D:14         Depths (0/4) D:15
  Slime: Lair:4-5

Altars:
Ashenzari
Cheibriados
Dithmenos
Fedhas
Gozag
Hepliaklqana
Kikubaaqudgha
Makhleb
Nemelex Xobeh
Okawaru
Qazlal
Ru
Sif Muna
Trog
Uskayaw
Vehumet
Wu Jian
Xom
Yredelemnul
Lugonu

Shops:
D:1 (   D:6 :   D:7 !   D:9 *   D:13 *   Orc:2 :[(:

Portals:
Abyss: Lair:5
Trove: D:15 (give 13 potions of heal wounds)

Annotations:
D:4 exclusion: statue
Elf:1 Aizul


Innate Abilities, Weirdness & Mutations

You have a pair of large horns on your head.
You are powered by pain.
You are completely covered in sharp spines.
You have an extremely huge brain. (Int +4)
You are clumsy. (Dex -2)
Your spells are a little easier to cast, but a little less powerful.


Message History

You feel strangely unstable.
You feel extremely sick. The +0 battleaxe of venom hits you!!
You are lethally poisoned!
Aizul yawns, and then pretends she didn't.
Unknown command.
Unknown command.
Okay, then.
You are confused.
You feel invigorated.
* * * LOW HITPOINT WARNING * * *
You focus on the pain.
You feel agile all of a sudden.
You feel extremely sick.
The +0 battleaxe of venom is struck by your spines.
The +0 battleaxe of venom hits you.
* * * LOW HITPOINT WARNING * * *
Unknown command.
Unknown command.
* * * LOW HITPOINT WARNING * * *
You feel extremely sick. The +0 battleaxe of venom hits you!
* * * LOW HITPOINT WARNING * * *
You are more poisoned.
Aizul is struck by your spines. Aizul completely misses you.
Unknown command.
Unknown command.
Unknown command.
* * * LOW HITPOINT WARNING * * *
You feel extremely sick.
The +0 battleaxe of venom closely misses you.
Aizul coils herself and waves her upper body at you.
The bolt of poison misses you.
The +0 battleaxe of venom is struck by your spines.
The +0 battleaxe of venom closely misses you.
Unknown command.
Unknown command.
Unknown command.
Your surroundings suddenly seem different.
You die...

##..[............##
#.....8..)..8.....#
#.......)<).......#
#.......8[8.......#
#.................#
#.8.............8.#
#.................####
##....8.....8....##..##
###...@.......####...##
##.###.###.#####....#
#.###.##............
#..#..##............
##.....'............
####.##............
#.##...........#
#h##..........##
#.###....#...##


There were no monsters in sight!

Vanquished Creatures
  Jorgrun (D:9)
  A tentacled starspawn (Abyss:2)
  Kirke (Elf:1)
  A deep elf sorcerer (Elf:1)
  2 frost giants (D:14)
  An orc warlord (Arena)
  A stone giant (D:14)
  A deep elf death mage (Orc:2)
  Nessos (D:12)
  Azrael (Arena)
  Snorg (D:9)
  An ettin (Orc:1)
  5 hydras
  2 rakshasas
  The ghost of hawla the Torchbearer, a journeyman MiFi of Yredelemnul (D:11)
  Erica (D:8)
  7 centaur warriors
  3 two-headed ogres
  2 boulder beetles
  3 dancing weapons (Elf:1)
  A vampire mage (D:15)
  12 death yaks
  6 thrashing horrors
  A tengu warrior (D:15)
  An orc high priest (Orc:2)
  2 deep elf knights
  3 wretched stars (Abyss:2)
  A hell knight (D:14)
  2 skysharks
  7 skeletal warriors
  A deep troll (D:14)
  A spark wasp zombie (D:15)
  An arcanist (Elf:1)
  Pikel (D:7)
  17 deep elf pyromancers
  A lindwurm (Lair:5)
  2 necromancers (D:15)
  A deep elf archer (Elf:1)
  5 orc knights
  8 deep elf zephyrmancers
  18 ugly things
  5 orc sorcerers
  8 cyclopes
  7 manticores
  A black mamba (shapeshifter) (D:14)
  A kobold blastminer (Orc:2)
  A meliai (shapeshifter) (D:14)
  A merfolk siren (Lair:3)
  5 black mambas
  3 torpor snails
  2 elephants
  Maggie (D:6)
  A gargoyle (D:10)
  5 large abominations
  2 unseen horrors
  2 smoke demons (Lair:5)
  An efreet (D:14)
  An orange demon (Abyss:2)
  9 cane toads
  3 komodo dragons
  2 kobold demonologists (D:11)
  7 rime drakes
  A tengu conjurer (D:15)
  A yaktaur (Arena)
  A freezing wraith (D:14)
  2 merfolk (Lair:3)
  4 starcursed masses (Abyss:2)
  6 trolls
  A hornet (shapeshifter) (Lair:5)
  3 polar bears
  A spriggan zombie (D:15)
  A hornet (D:9)
  18 blink frogs
  3 raiju
  14 dream sheep
  16 slime creatures
  A water elemental (Elf:1)
  2 shadows
  3 vampires
  4 fire elementals (D:12)
  44 yaks
  2 spriggans (Lair:5)
  A ynoxinul (Lair:5)
  19 humans
  4 wyverns
  4 hogs (Elf:1)
  21 vampire mosquitoes
  A wraith (D:14)
  2 basilisks (shapeshifter) (D:14)
  6 basilisks
  8 wargs
  Menkaure (D:7)
  A steam dragon (D:8)
  4 nagas (Lair:2)
  A chaos spawn (Lair:5)
  6 hydra simulacra (D:15)
  14 water moccasins
  9 hell hounds
  A meliai simulacrum (D:14)
  38 orc warriors
  3 sky beasts
  3 black bears
  2 ice beasts (D:7)
  2 boggarts (Elf:1)
  7 ogres
  15 small abominations
  11 centaurs
  8 wolves
  2 phantoms (D:6)
  15 kobold brigands
  8 bullfrogs
  A necrophage (D:8)
  2 gnoll sergeants (D:8)
  An earth elemental (Elf:1)
  2 scorpions
  A howler monkey (shapeshifter) (Lair:5)
  An elephant simulacrum (D:15)
  9 killer bees
  A howler monkey (D:13)
  2 electric eels (D:9)
  6 hounds
  A bombardier beetle (D:3)
  17 orc priests
  A jelly (D:7)
  A sleepcap (D:6)
  4 iguanas
  24 orc wizards
  7 mutant beasts (D:9)
  A hound skeleton (D:8)
  12 gnolls
  6 adders
  A shadow imp (D:6)
  A white imp (D:7)
  4 hell rat simulacra (D:15)
  3 ribbon worms
  3 dart slugs
  85 orcs
  9 ball pythons
  7 endoplasms
  4 giant cockroaches
  7 goblins
  9 hobgoblins
  11 jackals
  6 quokkas
  4 bats
  3 frilled lizards
  24 kobolds
  5 rats
  A starspawn tentacle (Abyss:2)
829 creatures vanquished.

Vanquished Creatures (others)
  A dancing weapon (Elf:1)
  3 starspawn tentacles (Abyss:2)
4 creatures vanquished.

Grand Total: 833 creatures vanquished

Notes
Turn   | Place    | Note
-------+----------+-------------------------------------------
     0 | D:1      | spaghetti the Demonspawn Hunter began the quest for the
                  | Orb.
     0 | D:1      | Reached XP level 1. HP: 16/16 MP: 1/1
   127 | D:1      | Gained mutation: You have a pair of small horns on your
                  | head. [demonic ancestry]
   127 | D:1      | Reached XP level 2. HP: 22/22 MP: 2/2
   218 | D:1      | HP: 1/22 [jackal (3)]
   291 | D:1      | Found Ynefinyb's Weapon Shop.
   381 | D:1      | Gained mutation: You are partially covered in sharp spines.
                  | [demonic ancestry]
   381 | D:1      | Reached XP level 3. HP: 25/27 MP: 3/3
  1039 | D:2      | Identified a scroll of acquirement
  1039 | D:2      | Acquired the ring "Daditokh" {AC+4 Str+6 Dex+3}
  1210 | D:2      | Reached skill level 5 in Ranged Weapons
  1490 | D:2      | Gained mutation: You occasionally shout uncontrollably at
                  | your foes. [potion of mutation]
  1490 | D:2      | Gained mutation: Your body sometimes deteriorates upon
                  | taking damage. [potion of mutation]
  1553 | D:3      | Found a sparkling altar of Nemelex Xobeh.
  1594 | D:3      | Gained mutation: You have a pair of horns on your head.
                  | [demonic ancestry]
  1594 | D:3      | Reached XP level 4. HP: 34/34 MP: 4/4
  2128 | D:4      | Reached XP level 5. HP: 41/41 MP: 5/5
  2205 | D:4      | Found a sacrificial altar of Ru.
  2235 | D:4      | Found a stormy altar of Qazlal.
  2351 | D:4      | Found a basalt altar of Yredelemnul.
  2540 | D:4      | Found a radiant altar of Vehumet.
  2540 | D:4      | Noticed a charred statue
  2736 | D:5      | Entered Level 5 of the Dungeon
  2982 | D:5      | Noticed an ogre
  2989 | D:5      | Killed an ogre
  2990 | D:5      | Gained mutation: You are mostly covered in sharp spines.
                  | [demonic ancestry]
  2990 | D:5      | Reached XP level 6. HP: 36/48 MP: 6/6
  3471 | D:5      | Lost mutation: You occasionally shout uncontrollably at
                  | your foes. [potion of mutation]
  3471 | D:5      | Lost mutation: Your body sometimes deteriorates upon taking
                  | damage. [potion of mutation]
  3471 | D:5      | Gained mutation: Your muscles are strong. (Str +4, Int/Dex
                  | -1) [potion of mutation]
  3471 | D:5      | Gained mutation: Your spells are a little easier to cast,
                  | but a little less powerful. [potion of mutation]
  3471 | D:5      | Gained mutation: You have sharp toenails. [potion of
                  | mutation]
  3472 | D:5      | Lost mutation: Your muscles are strong. (Str +4, Int/Dex
                  | -1) [potion of mutation]
  3472 | D:5      | Lost mutation: You have sharp toenails. [potion of
                  | mutation]
  3472 | D:5      | Gained mutation: Your system is resistant to poisons.
                  | (rPois) [potion of mutation]
  3472 | D:5      | Gained mutation: You have sharp toenails. [potion of
                  | mutation]
  3472 | D:5      | Gained mutation: You are dopey. (Int -2) [potion of
                  | mutation]
  3472 | D:5      | Gained mutation: Your muscles are strong. (Str +4, Int/Dex
                  | -1) [potion of mutation]
  3624 | D:6      | Noticed a water moccasin
  3630 | D:6      | Gained mutation: You sometimes gain a little power by
                  | taking damage. [demonic ancestry]
  3630 | D:6      | Reached XP level 7. HP: 55/55 MP: 7/7
  3635 | D:6      | Reached skill level 5 in Fighting
  3681 | D:6      | Found a staircase to the Ecumenical Temple.
  3692 | Temple   | Entered the Ecumenical Temple
  3717 | Temple   | Became a worshipper of Warmaster Okawaru
  3774 | D:6      | Found Puqam's Book Shop.
  4065 | D:6      | Reached * piety under Okawaru
  4075 | D:6      | Reached XP level 8. HP: 65/65 MP: 8/8
  4099 | D:6      | Found a hide-covered altar of Uskayaw.
  4479 | D:7      | Noticed Pikel
  4536 | D:7      | Noticed Maggie
  4536 | D:7      | Found Foeseih's Distillery.
  4558 | D:6      | Killed Maggie
  4781 | D:7      | Noticed Menkaure
  4784 | D:7      | Killed Menkaure
  4840 | D:7      | Reached ** piety under Okawaru
  4841 | D:7      | Reached skill level 1 in Long Blades
  4844 | D:7      | Killed Pikel
  4845 | D:7      | Reached skill level 4 in Long Blades
  4845 | D:7      | Gained mutation: You are completely covered in sharp
                  | spines. [demonic ancestry]
  4845 | D:7      | Reached XP level 9. HP: 47/73 MP: 6/9
  5011 | D:7      | Reached skill level 5 in Long Blades
  5143 | D:7      | Found a bloodstained altar of Trog.
  5143 | D:7      | Found a broken altar of Ashenzari.
  5781 | D:8      | Found a burning altar of Makhleb.
  5781 | D:8      | Noticed Erica
  5787 | D:8      | Killed Erica
  5787 | D:8      | Reached *** piety under Okawaru
  5787 | D:8      | Reached **** piety under Okawaru
  5788 | D:8      | Reached skill level 6 in Long Blades
  5788 | D:8      | Reached XP level 10. HP: 54/83 MP: 10/10
  6716 | D:9      | Reached skill level 5 in Dodging
  7032 | D:9      | Noticed an elephant
  7038 | D:9      | Killed an elephant
  7039 | D:9      | Reached skill level 7 in Long Blades
  7053 | D:9      | Found Siall's General Store.
  7094 | D:9      | Bought a potion of mutation for 88 gold pieces
  7094 | D:9      | Lost mutation: You are dopey. (Int -2) [potion of mutation]
  7094 | D:9      | Lost mutation: You have sharp toenails. [potion of
                  | mutation]
  7094 | D:9      | Lost mutation: Your muscles are strong. (Str +4, Int/Dex
                  | -1) [potion of mutation]
  7094 | D:9      | Gained mutation: Your mind is acute. (Int +4, Str/Dex -1)
                  | [potion of mutation]
  7094 | D:9      | Gained mutation: Your skin changes colour to match your
                  | surroundings (Stealth+). [potion of mutation]
  7204 | D:9      | Found a staircase to the Lair.
  7265 | D:10     | Entered Level 10 of the Dungeon
  7307 | Lair:1   | Entered Level 1 of the Lair of Beasts
  7364 | Lair:1   | Noticed a cane toad
  7368 | Lair:1   | Killed a cane toad
  7368 | Lair:1   | Reached ***** piety under Okawaru
  7369 | Lair:1   | Reached skill level 10 in Fighting
  7524 | Lair:1   | Noticed a black mamba
  7527 | Lair:1   | Killed a black mamba
  7586 | Lair:1   | Gained mutation: You have an unusually large brain. (Int
                  | +2) [demonic ancestry]
  7586 | Lair:1   | Reached XP level 11. HP: 90/91 MP: 13/13
  7587 | Lair:1   | Received a gift from Okawaru
  7740 | Lair:1   | Reached skill level 1 in Stealth
  8160 | Lair:2   | Reached skill level 5 in Invocations
  8483 | Lair:2   | Found a staircase to the Snake Pit.
  8506 | Lair:2   | Reached skill level 8 in Long Blades
  8510 | Lair:2   | Received a gift from Okawaru
  8751 | Lair:2   | Noticed a six-headed hydra
  8967 | Lair:2   | Killed a nine-headed hydra
  9040 | Lair:3   | Found a staircase to the Shoals.
  9052 | Lair:3   | HP: 2/92 [merfolk/+0 trident (10)]
  9172 | Lair:3   | Noticed a four-headed hydra
  9180 | Lair:3   | Killed a seven-headed hydra
  9180 | Lair:3   | Received a gift from Okawaru
  9244 | Lair:3   | Noticed a skyshark
  9368 | Lair:3   | Gained mutation: You sometimes gain power by taking damage.
                  | [demonic ancestry]
  9368 | Lair:3   | Reached XP level 12. HP: 100/100 MP: 18/18
 10002 | Lair:4   | Reached skill level 10 in Invocations
 10002 | Lair:4   | Received a gift from Okawaru
 10066 | Lair:4   | Reached skill level 9 in Long Blades
 10072 | Lair:4   | Reached skill level 5 in Stealth
 10140 | Lair:4   | Noticed an eight-headed hydra
 10567 | D:11     | Found a runed translucent gate.
 10567 | D:11     | Found a runed translucent gate.
 10568 | D:11     | Noticed hawla's ghost (journeyman MiFi)
 10569 | D:11     | Found a runed translucent gate.
 10774 | D:11     | Reached ****** piety under Okawaru
 10774 | D:11     | Received a gift from Okawaru
 10777 | D:11     | Acquired the +5 triple sword of Insufficient Pleasure
                  | {flame, rC+}
 10777 | D:11     | Received a gift from Okawaru
 11252 | Lair:4   | Killed a seven-headed hydra
 11315 | Lair:4   | Lost mutation: Your skin changes colour to match your
                  | surroundings (Stealth+). [potion of mutation]
 11315 | Lair:4   | Lost mutation: Your mind is acute. (Int +4, Str/Dex -1)
                  | [potion of mutation]
 11315 | Lair:4   | Lost mutation: Your system is resistant to poisons. (rPois)
                  | [potion of mutation]
 11315 | Lair:4   | Gained mutation: You are clumsy. (Dex -2) [potion of
                  | mutation]
 11315 | Lair:4   | Gained mutation: You have a pair of large horns on your
                  | head. [potion of mutation]
 11344 | Lair:4   | Reached skill level 10 in Long Blades
 11389 | Lair:4   | Noticed a boulder beetle
 11398 | Lair:4   | Killed a boulder beetle
 11399 | Lair:4   | Gained mutation: You are powered by pain. [demonic
                  | ancestry]
 11399 | Lair:4   | Reached XP level 13. HP: 42/107 MP: 21/21
 11461 | Lair:4   | You fall into a shaft and drop 1 floor!
 11461 | Lair:5   | Entered Level 5 of the Lair of Beasts
 11584 | Lair:5   | Received a gift from Okawaru
 11585 | Lair:5   | Reached skill level 11 in Long Blades
 11772 | Lair:5   | Reached skill level 12 in Long Blades
 11776 | Lair:5   | Received a gift from Okawaru
 12093 | Lair:5   | Reached skill level 13 in Long Blades
 12259 | Lair:5   | Received a gift from Okawaru
 12356 | Abyss:2  | Cast into level 2 of the Abyss (spriggan)
 12371 | Abyss:2  | Found a sparkling altar of Nemelex Xobeh.
 12414 | Abyss:2  | Reached skill level 14 in Long Blades
 12496 | Abyss:2  | Gained mutation: You have an extremely huge brain. (Int +4)
                  | [demonic ancestry]
 12496 | Abyss:2  | Reached XP level 14. HP: 95/114 MP: 22/22
 12497 | Abyss:2  | Received a gift from Okawaru
 12716 | Abyss:2  | Noticed a tentacled starspawn
 12733 | Abyss:2  | Killed a tentacled starspawn
 12734 | Abyss:2  | Reached skill level 15 in Long Blades
 12756 | Lair:5   | Escaped the Abyss
 12834 | Lair:5   | Received a gift from Okawaru
 13099 | Lair:5   | Found a corrupted altar of Lugonu.
 13099 | Lair:5   | Found a one-way gate to the infinite horrors of the Abyss.
 13113 | Lair:5   | Reached skill level 16 in Long Blades
 13731 | D:12     | Noticed Azrael
 13743 | Arena    | Entered the Arena
 13745 | Arena    | Killed Azrael
 14084 | D:12     | Noticed Nessos
 14099 | D:12     | Killed Nessos
 14157 | D:12     | Identified the +0 chain mail of the Telling Gods {rN+ MP+9
                  | Dex+4}
 14486 | D:12     | Found the ring of the Octopus King
 14494 | D:12     | Identified a ring of the Octopus King {rF+ HP+2 AC+2 EV+2
                  | SH+2}
 14909 | D:13     | Found Uficifr Irra's Assorted Antiques.
 14988 | D:13     | You fall into a shaft and drop 1 floor!
 15060 | Arena    | Entered the Arena
 15101 | D:14     | Mutation became permanent: You have a pair of horns on your
                  | head. [demonic ancestry]
 15101 | D:14     | Gained mutation: You have a pair of large horns on your
                  | head. [demonic ancestry]
 15101 | D:14     | Reached XP level 15. HP: 118/120 MP: 23/23
 15119 | D:14     | Found a gate to the Vaults.
 15121 | D:14     | Received a gift from Okawaru
 15599 | D:14     | Reached skill level 10 in Dodging
 15987 | D:14     | Noticed a frost giant
 15995 | D:14     | Reached skill level 17 in Long Blades
 15999 | D:14     | Killed a frost giant
 16112 | D:14     | Noticed a frost giant
 16119 | D:14     | Killed a frost giant
 16472 | D:15     | Entered Level 15 of the Dungeon
 16533 | D:15     | Received a gift from Okawaru
 16587 | D:15     | Found a staircase to the Depths.
 16927 | D:15     | Found a bloodstained altar of Trog.
 17339 | D:15     | Found a portal to a secret trove of treasure.
 17529 | D:15     | Received a gift from Okawaru
 18111 | D:10     | Found a shimmering blue altar of Sif Muna.
 18724 | D:11     | Killed hawla's ghost
 19119 | D:13     | Reached XP level 16. HP: 131/131 MP: 24/24
 19536 | D:9      | Found a staircase to the Orcish Mines.
 19545 | Orc:1    | Entered Level 1 of the Orcish Mines
 19545 | Orc:1    | Noticed Jorgrun
 19545 | Orc:1    | Noticed Snorg
 19560 | D:9      | Killed Snorg
 19560 | D:9      | Received a gift from Okawaru
 19563 | D:9      | Killed Jorgrun
 20058 | Orc:2    | Entered Level 2 of the Orcish Mines
 20172 | Orc:2    | Found a staircase to the Elven Halls.
 20504 | Arena    | Entered the Arena
 20507 | Arena    | Reached skill level 18 in Long Blades
 20548 | Orc:2    | Received a gift from Okawaru
 20586 | Orc:2    | Found Nutaq's Antique Weapon Shop.
 20588 | Orc:2    | Found Haomn's Antique Armour Boutique.
 20601 | Orc:2    | Bought an ichor-stained orcbow for 280 gold pieces
 20601 | Orc:2    | Identified the +5 orcbow of Ijouffol {drain, +Blink Str+3}
                  | (You bought it in a shop on level 2 of the Orcish Mines)
 20752 | Orc:2    | Found Gukodifo's Book Shop.
 20760 | Orc:2    | Bought a manual of Long Blades for 1280 gold pieces
 20933 | Orc:2    | Found Xodett's Book Boutique.
 21253 | Elf:1    | Entered Level 1 of the Elven Halls
 21557 | Elf:1    | Noticed Kirke
 21693 | Elf:1    | Killed Kirke
 21722 | Elf:1    | Identified the +1 rapier of Kiyps {elec, rC+ Stlth+}
 21724 | Elf:1    | Reached skill level 19 in Long Blades
 21798 | Elf:1    | HP: 2/132 [deep elf pyromancer/bolt of fire (26)]
 22009 | Elf:1    | Reached skill level 20 in Long Blades
 22229 | Elf:1    | Identified the serpent talisman of Mevawk {rC+ rCorr Str+3
                  | Int-5}
 22229 | Elf:1    | Noticed Aizul
 22239 | Elf:1    | HP: 4/132 [poisoned by a +0 battleaxe of venom]
 22240 | Elf:1    | Succumbed to a +0 battleaxe of venom's poison

Illustrated notes

Levels and vault maps discovered:
D:1:      dpeg_arrival_boxes_within_box, layout_basic, serial_shops, shop,
          serial_bayou_lake_a
D:2:      wad_pebble_path, layout_loops_ring
D:3:      layout_loops_ring, nicolae_overflow_hidden_temple, due_unseen_surprise
D:4:      layout_cave_pools, mainiacjoe_overflow_surrounded_room,
          overflow_temple_1_default, yredelemnul_altar_generic, vehumet_statue
D:5:      layout_gridville, nrook_mini_vaults
D:6:      layout_cave_pods, nicolae_uskayaw_dance_studio,
          minmay_temple_entry_wispy, serial_shops, shop, hex_tiny
D:7:      layout_rooms, nicolae_overflow_two_pavilions, serial_shops,
          nicolae_shop_just_a_little_nook, uniq_maggie, uniq_menkaure,
          uniq_pikel
D:8:      layout_layer_cave, makhleb_blood_cavern_becter, enter_bailey_4,
          nicolae_wwwww, corexii_corridor_pit, lightli_orcish_oven, uniq_erica
D:9:      layout_roguey, grunt_lair_entry_orc_guard_hut, erik_orc_2,
          serial_shops, shop, serial_rivers, chequers_serial_rivers_micro_c,
          chequers_serial_rivers_micro_e, chequers_serial_rivers_micro_e,
          chequers_serial_rivers_micro_c, nicolae_beast_mode
D:10:     layout_grid_maze, lemuel_crystal_altar
D:11:     layout_roguey, gammafunk_ghost_nasty_kobolds
D:12:     layout_grid_maze, uniq_nessos, uniq_azrael
D:13:     layout_roguey, serial_shops, shop
D:14:     minmay_octo_star, layout_stronghold, david_vaults_3,
          chequers_serial_rivers_micro_e
D:15:     gammafunk_depths_entry_grave, layout_irregular_city,
          trog_three_pillars_becter, nicolae_trove_entry_free_sample,
          roderic_filled_cross, eino_house_with_fridge
Temple:   nicolae_temple_godzebo
Lair:1:   layout_roguey, infiniplex_staircase_pool_2, grunt_megastairs_5
Lair:2:   layout_gridlike, minmay_snake_entry_guardpost_small
Lair:3:   layout_chaotic_city, elwin_shoals_entry_stream
Lair:4:   layout_long_grid, minmay_slime_entry_eyes, minmay_lair_drake_nest,
          grunt_megastairs_4
Lair:5:   hellmonk_lair_end_abyssal_woods, layout_cave_pods, grunt_megastairs_2
Orc:1:    cheibrodos_orc_guarddog, layout_diamond_mine, uniq_jorgrun, uniq_snorg
Orc:2:    grunt_orc_community_town_hall, layout_diamond_mine,
          grunt_orc_community_big_house_1, grunt_orc_community_big_house_2,
          grunt_orc_community_house_3, grunt_orc_community_house_1,
          grunt_orc_community_house_3, grunt_orc_community_house_1,
          grunt_orc_community_house_3, grunt_orc_community_house_3
Elf:1:    elf_arrival_002, layout_gridlike, gammafunk_ghost_split,
          hangedman_elf_disciples, st_stairs_9, uniq_aizul, uniq_kirke

Skill      XL: |  1  2  3  4  5  6  7  8  9 10 11 12 13 14 15 16 |
---------------+-------------------------------------------------+-----
Ranged Weapons | 4 5 6 7 8 |  8.5
Fighting       | 3 4 6 7 9 10 11 13 | 13.9
Long Blades    | 4 6 7 8 10 14 16 17 20 | 20.1
Dodging        | 4 6 7 8 9 11 12 | 12.0
Invocations    | 3 8 11 | 11.3
Stealth        | 3 5 |  5.5

Action                     |  1- 3 |  4- 6 |  7- 9 | 10-12 | 13-15 | 16-18 || total
---------------------------+-------+-------+-------+-------+-------+-------++-------
  Melee: Scimitar          |       |       |    50 |   250 |       |       ||   300
         Headbutt          |       |       |     7 |    54 |   122 |    45 ||   228
         Kick              |       |       |    16 |     6 |       |       ||    22
         Punch             |       |       |     1 |     5 |       |       ||     6
         Triple sword      |       |       |       |    10 |   550 |   229 ||   789
         Unarmed           |       |       |       |       |       |     5 ||     5
   Fire: Shortbow          |   120 |   117 |   112 |    34 |   100 |       ||   483
         Longbow           |       |       |       |       |   123 |    66 ||   189
         Orcbow            |       |       |       |       |       |    16 ||    16
  Throw: Boomerang         |       |       |       |   105 |    47 |       ||   152
         Dart              |       |       |       |     3 |       |       ||     3
         Javelin           |       |       |       |       |     8 |     4 ||    12
 Invoke: Heroism           |       |       |     4 |     5 |    18 |     5 ||    32
         Receive Weapon    |       |       |       |     1 |       |       ||     1
         Finesse           |       |       |       |       |     4 |     2 ||     6
         Duel              |       |       |       |       |     2 |     1 ||     3
  Evoke: Wand              |       |       |       |    18 |     1 |     2 ||    21
         Lightning rod     |       |       |       |       |       |     3 ||     3
    Use: Potion            |     6 |     2 |     3 |     3 |     7 |     6 ||    27
         Scroll            |     1 |     1 |    10 |     5 |     8 |     3 ||    28
   Stab: Sleeping          |       |       |       |     5 |     3 |     3 ||    11
         Distracted        |       |       |       |     1 |     7 |       ||     8
         Invisible         |       |       |       |     1 |       |       ||     1
 Armour: Leather armour    |    40 |    20 |    20 |       |       |       ||    80
         Acid dragon scale |       |       |    27 |   224 |   362 |   128 ||   741
         Skin              |       |       |     5 |       |       |     1 ||     6
  Dodge: Dodged            |    32 |    14 |    36 |   198 |   601 |   289 ||  1170
